 Seeded DCSS version 0.29.1-15-g9cfb28693d (webtiles) character file.

Game seed: 9845822215292249863 (custom seed)

9 Psyclone the Conjurer (level 2, 15/15 HPs)
             Began as a Deep Elf Conjurer on Sept 24, 2023.
             Quit the game on level 1 of the Dungeon.
             The game lasted 00:02:19 (460 turns).

Psyclone the Conjurer (Deep Elf Conjurer)            Turns: 460, Time: 00:02:20

Health: 15/15      AC:  2    Str:  4    XL:     2   Next: 6%
Magic:  8/8        EV: 13    Int: 22    God:
Gold:   536        SH:  0    Dex: 16    Spells: 6/7 levels left

rFire   . . .      SeeInvis .   g - staff of conjuration
rCold   . . .      Faith    .   (no shield)
rNeg    . . .      Spirit   .   a - +0 robe
rPois   .          Reflect  .   (no helmet)
rElec   .          Harm     .   (no cloak)
rCorr   .          Rampage  .   (no gloves)
Will    +++..                   (no boots)
Stlth   ++........              f - amulet of the acrobat
HPRegen 0.05/turn               d - ring "Moshif" {Wiz Will++ Dex+3}
MPRegen 0.11/turn               h - ring of willpower

@: no status effects
A: no striking features
a: no special abilities


You were on level 1 of the Dungeon.
You visited 1 branch of the dungeon, and saw 1 of its levels.

You collected 536 gold pieces.

Inventory:

Armour
 a - a +0 robe (worn)
Magical Staves
 g - a staff of conjuration (weapon)
Jewellery
 d - the ring "Moshif" (left hand) {Wiz Will++ Dex+3}
   (You acquired it on level 1 of the Dungeon)

   [ring of wizardry]

   It improves your spell success rate.
   Dex:       It affects your dexterity (+3).
   Will:      It greatly increases your willpower.
 f - an amulet of the acrobat (around neck)
 h - a ring of willpower (right hand)
Scrolls
 c - a scroll of teleportation {unknown}
 e - a scroll of amnesia {unknown}
Potions
 b - 2 potions of magic


   Skills:
 + Level 2.7 Dodging
 + Level 2.8 Stealth
 + Level 3.2 Spellcasting
 + Level 4.5 Conjurations


You had 6 spell levels left.
You knew the following spells:

 Your Spells              Type           Power      Damage    Failure   Level
a - Magic Dart            Conj           100%       1d8       1%          1

Your spell library contained the following spells:

 Spells                   Type           Power      Damage    Failure   Level
 Searing Ray              Conj           70%        2d7       1%          2
 Sting                    Tmut/Pois      12%        1d3       4%          1
 Dazzling Flash           Conj/Hex       40%        N/A       6%          3
 Poisonous Vapours        Pois/Air       6%         N/A       8%          2
 Fulminant Prism          Conj/Hex       10%        3d9       19%         4
 Iskenderun's Mystic Bla  Conj/Tloc      20%        2d6       19%         4
 Olgreb's Toxic Radiance  Pois           3%         N/A       43%         4


Dungeon Overview and Level Annotations

Branches:
Dungeon (1/15) Zot: 5540

Altars:


Message History

Casting: Magic Dart (safe; 1% risk of failure)
Confirm with . or Enter, or press ? or * to list all spells.
You can't see any susceptible monsters within range! (Use Z to cast anyway.) Unknown command.
Found 6 stones.
d - 3 scrolls labelled VOSEFAQATU (gained 2)
You see here a staff of conjuration.
Casting: Magic Dart (safe; 1% risk of failure)
Confirm with . or Enter, or press ? or * to list all spells.
You can't see any susceptible monsters within range! (Use Z to cast anyway.) This is a scroll of acquirement!
You see here a Young Poisoner's Handbook.
Something appears at your feet! Something appears at your feet!
Something appears at your feet!
d - the ring "Moshif" {Wiz Will++ Dex+3} You now have 536 gold pieces (gained 524).
You pick up a Young Poisoner's Handbook and begin reading...
You add the spells Sting, Poisonous Vapours and Olgreb's Toxic Radiance to your library.
You start resting.
Magic restored.
MP restored: 8 You see here a staff of conjuration.
g - a staff of conjuration
g - a staff of conjuration (weapon)
You feel agile.
d - the ring "Moshif" (left hand) {Wiz Will++ Dex+3} You start putting on your amulet.
You continue putting on your amulet of the acrobat. x5
You finish putting on your amulet of the acrobat.
You feel ready to tumble and roll out of harm's way.
f - an amulet of the acrobat (around neck)
You are already wielding that!
b - 2 potions of magic (gained 1)
h - a ring of willpower
Okay, then.
h - a ring of willpower (right hand)
Okay, then.
Unknown command.
Are you sure you want to abandon this character and quit the game? (Confirm with "yes".)

############.##
##### #.# #...#
#.###
#...###....
#..........
#.######...
##########.#
+...
#.(........#
#...
#..@.....###
#... #........#
#... #........#
#...
#..........
####
############


There were no monsters in sight!

Vanquished Creatures
  A dart slug (D:1)
  A ball python (D:1)
  An endoplasm (D:1)
  A goblin (D:1)
  A quokka (D:1)
  A frilled lizard (D:1)
  A kobold (D:1)
7 creatures vanquished.

Notes
Turn   | Place    | Note
-------+----------+-------------------------------------------
     0 | D:1      | Psyclone the Deep Elf Conjurer began the quest for the Orb.
     0 | D:1      | Reached XP level 1. HP: 10/10 MP: 6/6
   346 | D:1      | Reached XP level 2. HP: 15/15 MP: 6/8
   420 | D:1      | Identified 3 scrolls of acquirement
   420 | D:1      | Acquired a Young Poisoner's Handbook
   421 | D:1      | Acquired 524 gold pieces
   422 | D:1      | Acquired the ring "Moshif" {Wiz Will++ Dex+3}
   460 | D:1      | Quit the game

Illustrated notes

Levels and vault maps discovered:
D:1:      giann_bridges, layout_basic

Action                   || total
-------------------------++-------
 Cast: Magic Dart        ||    12
  Use: Scroll            ||     3
Dodge: Dodged            ||     3
